 Dungeon Crawl Stone Soup version 0.22-a0-389-g8519d86 (webtiles) character file.

8379 tilp the Spear-Bearer (level 11, -4/77 HPs)
             Began as a Merfolk Ice Elementalist on Apr 30, 2018.
             Was a Priest of Makhleb.
             Killed from afar by a gargoyle (9 damage)
             ... with a stone arrow
             ... on level 11 of the Dungeon.
             The game lasted 00:48:44 (16320 turns).

tilp the Spear-Bearer (Merfolk Ice Elementalist)   Turns: 16320, Time: 00:48:45

Health: -4/77      AC: 10    Str:  9    XL:     11   Next: 29%
Magic:  16/18      EV: 16    Int: 19    God:    Makhleb [***...]
Gold:   31         SH:  0    Dex: 15    Spells: 4/20 levels left

rFire    . . .     SeeInvis .   a - +0 spear (venom)
rCold    . . .     Gourm    .   (no shield)
rNeg     . . .     Faith    .   F - +1 leather armour of Gluttony {*Contam rElec MR+ Int+2} (curse)
rPois    +         Spirit   .   x - +2 helmet
rElec    +         Reflect  .   (no cloak)
rCorr    .         Harm     .   (no gloves)
MR       ++...                  r - +2 pair of boots
Stlth    ++........             (no amulet)
HPRegen  0.22/turn              u - ring of poison resistance
MPRegen  0.16/turn              D - ring of protection from magic

@: drained
A: change form in water, swift swim, stealthy swim
a: Minor Destruction, Lesser Servant of Makhleb, Renounce Religion


You were on level 11 of the Dungeon.
You worshipped Makhleb.
Makhleb was most pleased with you.
You were not hungry.

You visited 2 branches of the dungeon, and saw 12 of its levels.

You collected 471 gold pieces.
You spent 440 gold pieces at shops.

Inventory:

Hand Weapons
 a - a +0 spear of venom (weapon)
 b - a +0 hunting sling
 J - a +0 glaive
 O - a cursed +3 spear
 P - a +5 scimitar
Missiles
 g - 462 stones
 n - 7 tomahawks (quivered)
 s - 52 sling bullets
Armour
 k - the +1 scale mail of the Desert {rElec Regen+ SInv, unknown}
   (You found it on level 9 of the Dungeon)

   It insulates you from electricity.
   It lets you see invisible.
   It increases your rate of regeneration.
 r - a +2 pair of boots (worn)
 x - a +2 helmet (worn)
 y - a +0 leather armour of cold resistance
 F - the cursed +1 leather armour of Gluttony (worn) {*Contam rElec MR+ Int+2}
   (You found it on level 6 of the Dungeon)

   It affects your intelligence (+2).
   It insulates you from electricity.
   It affects your resistance to hostile enchantments.
   It causes magical contamination when unequipped.
   It has a curse placed upon it.
 N - a +2 robe of fire resistance
Jewellery
 u - a ring of poison resistance (left hand)
 B - an uncursed ring of fire
 D - a ring of protection from magic (right hand)
 I - an uncursed ring of magical power {unknown}
Wands
 e - a wand of enslavement (19)
 C - a wand of flame (53)
 G - a wand of disintegration (29)
 H - a wand of random effects (35)
 L - a wand of digging (18)
Scrolls
 f - 2 scrolls of enchant armour
 i - 6 scrolls of remove curse
 l - 2 scrolls of teleportation
 m - a scroll of amnesia
 o - 3 scrolls of immolation
 q - a scroll of enchant weapon
 z - 2 scrolls of fear
 E - 3 scrolls of fog {unknown}
 M - a scroll of magic mapping {unknown}
Potions
 d - 2 potions of degeneration {unknown}
 h - 2 potions of cancellation {unknown}
 j - a potion of resistance {unknown}
 p - a potion of haste {unknown}
 t - 3 potions of might
 v - a potion of invisibility {unknown}
 w - 2 potions of heal wounds {unknown}
Comestibles
 c - 8 rations


   Skills:
 - Level 4.0(3.4) Fighting
 + Level 12.3(11.7) Polearms
 - Level 8.0(7.4) Dodging
 - Level 2.1(1.7) Stealth
 - Level 5.0(4.5) Spellcasting
 - Level 0.7(0.2) Conjurations
 - Level 3.5(3.0) Charms
 - Level 10.2(9.6) Ice Magic
 - Level 6.0(5.4) Invocations
 - Level 4.4(3.9) Evocations


You had 4 spell levels left.
You knew the following spells:

 Your Spells              Type           Power        Failure   Level  Hunger
a - Freeze                Ice            ####         1%          1    None
b - Throw Frost           Conj/Ice       ###...       3%          2    #......
c - Ozocubu's Armour      Chrm/Ice       ####....     4%          3    ###....
d - Throw Icicle          Conj/Ice       ###.....     24%         4    ####...
e - Regeneration          Chrm/Necr      ##........   30%         3    ###....
f - Spectral Weapon       Hex/Chrm       ##......     30%         3    ###....


Dungeon Overview and Level Annotations

Branches:
Dungeon (11/15)            Temple (1/1) D:4            Lair (0/6) D:9
    Orc (0/2) D:10

Altars:
Ashenzari
Cheibriados
Dithmenos
Elyvilon
Fedhas
Gozag
Hepliaklqana
Kikubaaqudgha
Makhleb
Nemelex Xobeh
Okawaru
Qazlal
Ru
Sif Muna
Trog
Uskayaw
Vehumet
Wu Jian
Xom
Yredelemnul
Zin
The Shining One

Shops:
D:6 :

Annotations:
D:9 exclusion: two-headed ogre


Message History

The gargoyle hits you with a dire flail.
You hit the gargoyle but do no damage.
The gargoyle is lightly damaged.
A demon appears!
The gargoyle hurls a stone arrow at you.
The stone arrow hits you!
A demon appears!
The gargoyle hurls a stone arrow at you.
The stone arrow hits you!
* * * LOW HITPOINT WARNING * * *
You swap places.
Your icy armour cracks and falls away as you move.
The gargoyle hurls a stone arrow at you.
The stone arrow misses you.
Your neqoxec hits the gargoyle but does no damage.
You don't have enough health at the moment.
Your neqoxec gestures.
The gargoyle hurls a stone arrow at you.
The stone arrow hits you!
You die...

##.# ... .. # ##.
....###3##
.......39#
....(###.## [..
##.## ##### .
#.@############....
##...........)...##
##..........######..
#......[[..## ##...
#......<...# #....
#...........# ##....
##.........##
##..... ###......>#
#...... ##.....##
##......


You could see a gargoyle and 2 friendly neqoxecs.

Vanquished Creatures
  A two-headed ogre (D:10)
  An ugly thing (D:10)
  3 trolls
  2 hippogriffs
  A wyvern (D:10)
  A water moccasin (D:9)
  2 ice beasts (D:5)
  3 sky beasts
  A black bear (D:7)
  2 orc warriors (D:10)
  5 ogres
  A necrophage (D:5)
  4 wolves (D:9)
  A crocodile (D:8)
  5 centaurs
  3 big kobolds
  5 bullfrogs
  4 scorpions
  12 killer bees
  2 wights (D:10)
  2 howler monkeys
  3 crimson imps
  2 electric eels (D:9)
  A jelly (D:5)
  2 bullfrog zombies
  3 centaur zombies
  9 hounds
  A gnoll shaman (D:3)
  9 orc wizards
  2 bullfrog skeletons
  3 orc priests
  2 centaur skeletons (D:8)
  2 iguanas
  Terence (D:2)
  10 worker ants
  2 hound skeletons
  2 hound zombies
  A worker ant zombie (D:5)
  13 gnolls
  10 adders
  4 shadow imps
  An ooze (D:1)
  2 adder zombies
  A worm (D:2)
  3 dart slugs
  3 leopard geckos
  28 orcs
  4 ball pythons
  2 giant cockroaches
  4 goblins
  6 hobgoblins
  6 jackals (D:7)
  30 kobolds
  6 bats
  6 frilled lizards
  A jackal zombie (D:6)
  A quokka skeleton (D:8)
  2 quokka zombies
  8 rats
257 creatures vanquished.

Vanquished Creatures (collateral kills)
  A two-headed ogre (D:10)
  3 wights (D:10)
  An orc (D:10)
5 creatures vanquished.

Vanquished Creatures (others)
  A quokka (D:9)
  6 plants (D:5)
7 creatures vanquished.

Grand Total: 269 creatures vanquished

Notes
Turn   | Place    | Note
-------+----------+-------------------------------------------
     0 | D:1      | tilp the Merfolk Ice Elementalist began the quest for the Orb.
     0 | D:1      | Reached XP level 1. HP: 13/13 MP: 3/3
   529 | D:1      | Reached XP level 2. HP: 19/19 MP: 5/5
   536 | D:1      | Learned a level 2 spell: Throw Frost
  1144 | D:2      | Found an iron altar of Okawaru.
  1158 | D:1      | Reached XP level 3. HP: 3/24 MP: 0/6
  1415 | D:1      | Learned a level 3 spell: Ozocubu's Armour
  1833 | D:2      | Noticed Terence
  1853 | D:2      | Killed Terence
  1853 | D:2      | Reached skill level 5 in Ice Magic
  1853 | D:2      | Reached XP level 4. HP: 23/30 MP: 0/7
  1974 | D:2      | Noticed a big kobold
  2434 | D:3      | Found an ornate altar of the Wu Jian Council.
  2562 | D:3      | Found a faded altar of an unknown god.
  2670 | D:3      | Reached XP level 5. HP: 35/35 MP: 4/8
  3789 | D:3      | Reached XP level 6. HP: 41/41 MP: 2/9
  5247 | D:4      | Reached skill level 5 in Dodging
  5503 | D:4      | Found a staircase to the Ecumenical Temple.
  5508 | Temple   | Entered the Ecumenical Temple
  5674 | Temple   | Became a worshipper of Makhleb the Destroyer
  6064 | D:5      | Entered Level 5 of the Dungeon
  6345 | D:5      | Reached XP level 7. HP: 37/46 MP: 7/10
  6802 | D:5      | Reached skill level 1 in Polearms
  6832 | D:5      | Reached skill level 2 in Polearms
  6925 | D:5      | Reached skill level 4 in Polearms
  6925 | D:5      | Reached XP level 8. HP: 44/52 MP: 0/11
  7328 | D:5      | Reached skill level 5 in Polearms
  7500 | D:5      | Reached skill level 6 in Polearms
  7912 | D:5      | Reached skill level 7 in Polearms
  7976 | D:5      | Reached * piety under Makhleb
  8440 | D:6      | Noticed a two-headed ogre
  8747 | D:6      | Found Usiown's Book Emporium.
  8839 | D:6      | Reached skill level 8 in Polearms
  9112 | D:6      | Reached skill level 9 in Polearms
  9494 | D:6      | Got an ancient leather armour
  9567 | D:6      | Identified the cursed +1 leather armour of Gluttony {*Contam rElec MR+ Int+2} (You found it on level 6 of the Dungeon)
  9572 | D:6      | Learned a level 4 spell: Throw Icicle
  9891 | D:7      | Reached skill level 10 in Polearms
 10210 | D:7      | Reached XP level 9. HP: 57/57 MP: 0/12
 10301 | D:7      | Found a stormy altar of Qazlal.
 10339 | D:7      | Reached skill level 11 in Polearms
 10348 | D:7      | Reached ** piety under Makhleb
 10846 | D:8      | Reached skill level 12 in Polearms
 11190 | D:8      | Found a sacrificial altar of Ru.
 11193 | D:8      | Found a radiant altar of Vehumet.
 11339 | D:8      | Found a glowing silver altar of Zin.
 11339 | D:8      | Found a blossoming altar of Fedhas.
 11412 | D:8      | Reached skill level 5 in Spellcasting
 11492 | D:8      | Reached skill level 1 in Fighting
 12418 | D:9      | Found a white marble altar of Elyvilon.
 12541 | D:9      | Found a hazy altar of Hepliaklqana.
 12586 | D:9      | Noticed a two-headed ogre
 12642 | D:9      | Reached *** piety under Makhleb
 12642 | D:9      | Reached XP level 10. HP: 70/71 MP: 6/17
 12684 | D:9      | Reached skill level 1 in Evocations
 12967 | D:9      | Found a staircase to the Lair.
 13360 | D:9      | Got a bloodstained scale mail
 13425 | D:9      | Reached skill level 1 in Invocations
 13492 | D:9      | You fall through a shaft for 2 floors!
 13774 | D:10     | Entered Level 10 of the Dungeon
 13988 | D:10     | Noticed a purple ugly thing
 14013 | D:10     | Killed a purple ugly thing
 14013 | D:10     | Reached skill level 5 in Invocations
 14638 | D:10     | Reached **** piety under Makhleb
 14703 | D:10     | Reached XP level 11. HP: 56/77 MP: 7/18
 14810 | D:10     | Noticed a two-headed ogre
 14839 | D:10     | Found a staircase to the Orcish Mines.
 14870 | D:10     | Noticed a two-headed ogre
 15695 | D:6      | Bought a book of Battle for 440 gold pieces
 15699 | D:6      | Learned a level 3 spell: Regeneration
 15703 | D:6      | Learned a level 3 spell: Spectral Weapon
 15747 | D:10     | Killed a two-headed ogre
 15747 | D:10     | Reached skill level 10 in Ice Magic
 16067 | D:10     | Killed a two-headed ogre
 16320 | D:11     | Killed from afar by a gargoyle

Vault maps used:
D:1:      kilobyte_arrival_exit_the_forest
D:2:      first_ration, okawaru_metal_pillars_3, uniq_terence
D:3:      lemuel_doored_altar, chequers_ecumenical_altar_simple_redux
D:4:      temple_doors_e
D:5:      kennysheep_kobold_camp
D:6:      serial_shops, shop, serial_co_window_serial, co_window_paths_b,
          co_window_corner_a, co_window_paths_b, co_window_paths_a,
          co_window_paths_a, co_window_corner_cb, co_window_broadway_a,
          co_window_of_opportunity_b, glass_columns_b, minmay_checkerbox
D:7:      nicolae_qazlal_style_of_elements
D:8:      chequers_temple_overflow_statue_of_worship,
          gammafunk_temple_overflow_wave
D:9:      lemuel_crystal_altar, erik_lair_island, elyvilon_altar_4
D:10:     david_orc_2
D:11:     minmay_ice_pillars, serial_shops, shop_fountains
Temple:   eino_temple_scatter_basement

Skill      XL: |  1  2  3  4  5  6  7  8  9 10 11 |
---------------+----------------------------------+-----
Ice Magic      | 4 5 6 7 8 10 | 10.2
Dodging        | 5 6 7 8 |  8.0
Charms         | 3 |  3.5
Polearms       | 4 10 12 | 12.3
Spellcasting   | 5 |  5.0
Fighting       | 4 |  4.0
Evocations     | 4 |  4.4
Invocations    | 6 |  6.0
Stealth        | |  2.1
Conjurations   | |  0.7

Action                   |  1- 3 |  4- 6 |  7- 9 | 10-12 || total
-------------------------+-------+-------+-------+-------++-------
Melee: Dagger            |    23 |     5 |       |       ||    28
       Unarmed           |     1 |       |       |       ||     1
       Spear             |       |   115 |   466 |   542 ||  1123
 Fire: Hunting sling     |    34 |    38 |       |       ||    72
Throw: Stone             |       |     2 |     3 |     1 ||     6
       Tomahawk          |       |     3 |     9 |     4 ||    16
 Cast: Freeze            |    31 |    35 |    84 |    70 ||   220
       Ozocubu's Armour  |     3 |    14 |    41 |    30 ||    88
       Throw Frost       |       |     6 |    46 |    19 ||    71
Invok: Lesser Servant of |       |       |       |     9 ||     9
  Use: Potion            |       |     2 |       |     4 ||     6
       Scroll            |       |       |     9 |     2 ||    11
 Stab: Sleeping          |     4 |     6 |     6 |     1 ||    17
  Eat: Chunk             |     4 |    10 |    17 |    13 ||    44
       Ration            |       |     2 |     3 |     1 ||     6
Armor: Robe              |     5 |    46 |       |       ||    51
       Skin              |       |     5 |       |    19 ||    24
       Leather armour    |       |     5 |   126 |   134 ||   265
Dodge: Dodged            |    27 |   105 |   273 |   358 ||   763

Table legend:
 A = Spawn XP
 B = Non-spawn XP
 C = Spawn XP percentage of total XP
 D = Spawn monster count
 E = Non-spawn monster count
 F = Spawn count percentage of total count
 G = Total turns spent on level
                    A         B        C        D         E        F      G
               +---------+---------+-------+---------+---------+-------+---------
         Total |       0 |   11970 |   0.0 |       0 |     262 |   0.0 | 16320
               +---------+---------+-------+---------+---------+-------+---------
           D:1 |       0 |      34 |   0.0 |       0 |      13 |   0.0 |  1414
           D:2 |       0 |      83 |   0.0 |       0 |      22 |   0.0 |   815
           D:3 |       0 |     174 |   0.0 |       0 |      16 |   0.0 |  1932
           D:4 |       0 |     252 |   0.0 |       0 |      18 |   0.0 |  1718
           D:5 |       0 |    1108 |   0.0 |       0 |      39 |   0.0 |  2374
           D:6 |       0 |     313 |   0.0 |       0 |      17 |   0.0 |  1272
           D:7 |       0 |     834 |   0.0 |       0 |      25 |   0.0 |  1137
           D:8 |       0 |    1886 |   0.0 |       0 |      31 |   0.0 |  1753
           D:9 |       0 |    1624 |   0.0 |       0 |      20 |   0.0 |  1379
          D:10 |       0 |    5158 |   0.0 |       0 |      53 |   0.0 |  1988
          D:11 |       0 |     504 |   0.0 |       0 |       8 |   0.0 |   353
               +---------+---------+-------+---------+---------+-------+---------
